SA
ALAMEDA AIRMEN @ SYRACUSE STORM
08/28/2023
 
TOP OF THE 1ST
Alameda Airmen batting - Pitching for Syracuse Storm : RHP Gonzalo Montés
Pitching: RHP Gonzalo Montés
Batting: RHB Mariano Sánchez 0-0: Foul Ball, location: 2F
0-1: Foul Ball, location: 2F
0-2: Foul Ball, location: 2F
0-2: SINGLE (Groundball, 4M)
Batting: RHB José Morín 0-0: SINGLE (Groundball, 34)
Mariano Sánchez to second
Runner from 2nd tries for 3rd, SAFE, no throw or cutoff
Batting: LHB Chad Graves 0-0: Ball
1-0: Foul Ball, location: 2F
1-1: Ball
2-1: Ball
3-1: Base on Balls
José Morín to second
Batting: RHB José Vargas 0-0: Ball
1-0: Ball
2-0: Called Strike
2-1: DOUBLE (Line Drive, 89M)
Mariano Sánchez scores
José Morín scores
Chad Graves to third
Runner from 3rd tries for Home, SAFE, no throw or cutoff
Batting: SHB Orlando Villa 0-0: Foul Ball, location: 2F
0-1: SINGLE (Line Drive, 7S)
José Vargas to third
Batting: SHB Luis Luquín 0-0: Ball
1-0: Swinging Strike
1-1: Foul Ball, location: 2F
1-2: Fly out, F8 (Flyball, 8RM)
Runner from 3rd tags up, SCORES, throw made
Batting: RHB Nelson Flores 0-0: Ball
1-0: Foul Ball, location: 2F
1-1: Ball
2-1: TRIPLE (Flyball, 89M)
Orlando Villa scores
Batting: RHB Lenny Roper 0-0: Ground out 4-3 (Groundball, 4)
Nelson Flores scores
Batting: RHB Dale Quick 0-0: Ball
1-0: Called Strike
1-1: Ball
2-1: Ball
3-1: Base on Balls
Batting: RHB Mariano Sánchez 0-0: Called Strike
Dale Quick steals 2nd base
0-1: Ball
1-1: Ball
2-1: Called Strike
2-2: Strikes out swinging
Top of the 1st over - 6 run(s), 5 hit(s), 0 error(s), 1 left on base; Alameda 6 - Syracuse 0
BOTTOM OF THE 1ST
Syracuse Storm batting - Pitching for Alameda Airmen : LHP Jesús Franco
Pitching: LHP Jesús Franco
Batting: RHB Jorge López 0-0: Ball
1-0: Ball
2-0: Fly out, F8 (Flyball, 8RXD)
Batting: RHB Jim Unknown 0-0: Ball
1-0: Ball
2-0: Ball
3-0: Called Strike
3-1: Base on Balls
Batting: RHB Octávio Beltzán 0-0: Ball
1-0: DOUBLE (Line Drive, 3L)
Jim Unknown to third
Batting: RHB Philip Schooten 0-0: Called Strike
0-1: Ball
1-1: Ball
2-1: SINGLE (Groundball, 6MD) (infield hit)
Jim Unknown scores
Octávio Beltzán to third
Batting: SHB Roberto López 0-0: Foul Ball, location: 2F
0-1: Grounds into double play, 6-4-3 (Groundball, 6)
Bottom of the 1st over - 1 run(s), 2 hit(s), 0 error(s), 1 left on base; Alameda 6 - Syracuse 1
TOP OF THE 2ND
Alameda Airmen batting - Pitching for Syracuse Storm : RHP Gonzalo Montés
Batting: RHB José Morín 0-0: Called Strike
0-1: Called Strike
0-2: Ball
1-2: Foul Ball, location: 2F
1-2: Ball
2-2: Ball
3-2: Foul Ball, location: 2F
3-2: Strikes out swinging
Batting: LHB Chad Graves 0-0: SINGLE (Line Drive, 8RS)
Batting: RHB José Vargas 0-0: Swinging Strike
0-1: SINGLE (Flyball, 8RS)
Chad Graves to second
Batting: SHB Orlando Villa 0-0: Called Strike
0-1: Swinging Strike
0-2: Strikes out swinging
Batting: SHB Luis Luquín 0-0: Called Strike
0-1: Ball
1-1: Ball
2-1: Ball
3-1: Base on Balls
Chad Graves to third
José Vargas to second
Batting: RHB Nelson Flores 0-0: Called Strike
0-1: Foul Ball, location: 2F
0-2: Foul Ball, location: 2F
0-2: Strikes out swinging
Top of the 2nd over - 0 run(s), 2 hit(s), 0 error(s), 3 left on base; Alameda 6 - Syracuse 1
BOTTOM OF THE 2ND
Syracuse Storm batting - Pitching for Alameda Airmen : LHP Jesús Franco
Batting: RHB Carlos De Jesús 0-0: Foul Ball, location: 2F
0-1: Ball
1-1: Swinging Strike
1-2: Ball
2-2: Strikes out swinging
Batting: SHB John Clayton 0-0: Ball
1-0: Called Strike
1-1: Fly out, F9 (Popup, 34D)
Batting: SHB Jeff Cornelis 0-0: Foul Ball, location: 2F
0-1: Ground out 1-3 (Groundball, 23)
Bottom of the 2nd over - 0 run(s), 0 hit(s), 0 error(s), 0 left on base; Alameda 6 - Syracuse 1
TOP OF THE 3RD
Alameda Airmen batting - Pitching for Syracuse Storm : RHP Gonzalo Montés
Batting: RHB Lenny Roper 0-0: Ball
1-0: Ball
2-0: Ball
3-0: Called Strike
3-1: Foul Ball, location: 2F
3-2: Strikes out swinging
Batting: RHB Dale Quick 0-0: Fly out, F9 (Flyball, 9M)
Batting: RHB Mariano Sánchez 0-0: Called Strike
0-1: Foul Ball, location: 2F
0-2: Ball
1-2: Strikes out looking
Top of the 3rd over - 0 run(s), 0 hit(s), 0 error(s), 0 left on base; Alameda 6 - Syracuse 1
BOTTOM OF THE 3RD
Syracuse Storm batting - Pitching for Alameda Airmen : LHP Jesús Franco
Batting: RHB Jim Unknown 0-0: SINGLE (Line Drive, 8RS)
Batting: RHB Jorge López 0-0: Called Strike
0-1: Called Strike
0-2: Ball
1-2: Fly out, F3 (Popup, 3L)
Batting: RHB Jim Unknown 0-0: Called Strike
0-1: Ball
1-1: Ball
2-1: Ball
3-1: Foul Ball, location: 2F
3-2: Strikes out looking
Batting: RHB Octávio Beltzán 0-0: Ball
1-0: Fielders Choice at 2nd, U4 (Groundball, 4M)
Bottom of the 3rd over - 0 run(s), 1 hit(s), 0 error(s), 1 left on base; Alameda 6 - Syracuse 1
TOP OF THE 4TH
Alameda Airmen batting - Pitching for Syracuse Storm : RHP Gonzalo Montés
Pitching: LHP Arnie Banks
Batting: RHB José Morín 0-0: Foul Ball, location: 2F
0-1: Ground out 5-3 (Groundball, 5S)
Batting: LHB Chad Graves 0-0: Ball
1-0: Ground out 1-3 (Groundball, 13)
Batting: RHB José Vargas 0-0: SINGLE (Groundball, 25) (infield hit)
Batting: SHB Orlando Villa 0-0: Called Strike
0-1: Foul Ball, location: 2F
0-2: Strikes out swinging
Top of the 4th over - 0 run(s), 1 hit(s), 0 error(s), 1 left on base; Alameda 6 - Syracuse 1
BOTTOM OF THE 4TH
Syracuse Storm batting - Pitching for Alameda Airmen : LHP Jesús Franco
Batting: RHB Philip Schooten 0-0: Ball
1-0: Called Strike
1-1: Ball
2-1: Ball
3-1: Base on Balls
Batting: SHB Roberto López 0-0: Foul Ball, location: 2F
0-1: Foul Ball, location: 2F
0-2: Ball
1-2: Strikes out swinging
Batting: RHB Carlos De Jesús 0-0: Foul Ball, location: 2F
0-1: Ball
1-1: Called Strike
1-2: Ball
2-2: Ball
3-2: Strikes out swinging
Batting: SHB John Clayton 0-0: DOUBLE (Line Drive, 7LM)
Philip Schooten to third
Batting: SHB Jeff Cornelis 0-0: Called Strike
0-1: Called Strike
0-2: Ball
1-2: Foul Ball, location: 2F
1-2: Foul Ball, location: 2F
1-2: Foul Ball, location: 2F
1-2: Ball
2-2: Ground out 5-3 (Groundball, 56S)
Bottom of the 4th over - 0 run(s), 1 hit(s), 0 error(s), 2 left on base; Alameda 6 - Syracuse 1
TOP OF THE 5TH
Alameda Airmen batting - Pitching for Syracuse Storm : LHP Arnie Banks
Batting: SHB Luis Luquín 0-0: Fly out, F2 (Popup, 5SF)
Batting: RHB Nelson Flores 0-0: Ball
1-0: Ball
2-0: Ground out 5-3 (Groundball, 56)
Batting: RHB Lenny Roper 0-0: Fly out, F4 (Popup, 4D)
Top of the 5th over - 0 run(s), 0 hit(s), 0 error(s), 0 left on base; Alameda 6 - Syracuse 1
BOTTOM OF THE 5TH
Syracuse Storm batting - Pitching for Alameda Airmen : LHP Jesús Franco
Batting: RHB Jim Unknown 0-0: Called Strike
0-1: Swinging Strike
0-2: Ball
1-2: Strikes out swinging
Batting: RHB Jorge López 0-0: Ball
1-0: Called Strike
1-1: Foul Ball, location: 2F
1-2: SINGLE (Line Drive, 78M)
Batting: RHB Jim Unknown 0-0: Foul Ball, location: 2F
0-1: SINGLE (Groundball, 4MD)
Jorge López to second
Runner from 2nd tries for 3rd, SAFE, throw made to third
Batting: RHB Octávio Beltzán 0-0: Called Strike
0-1: Ball
1-1: Ball
2-1: Swinging Strike
2-2: Foul Ball, location: 2F
2-2: Ball
3-2: Foul Ball, location: 2F
3-2: Base on Balls
Jim Unknown to second
Batting: RHB Philip Schooten 0-0: SINGLE (Line Drive, 89M)
Jorge López scores
Jim Unknown to third
Octávio Beltzán to second
Batting: SHB Roberto López 0-0: Called Strike
0-1: Ball
1-1: Fielders Choice at 2nd, 6-4 (Groundball, 6)
Jim Unknown scores
Octávio Beltzán to third
Batting: RHB Carlos De Jesús 0-0: Swinging Strike
0-1: Ball
1-1: Foul Ball, location: 2F
1-2: Fly out, F8 (Flyball, 8LM)
Bottom of the 5th over - 2 run(s), 3 hit(s), 0 error(s), 2 left on base; Alameda 6 - Syracuse 3
TOP OF THE 6TH
Alameda Airmen batting - Pitching for Syracuse Storm : LHP Arnie Banks
Batting: RHB Dale Quick 0-0: Swinging Strike
0-1: Called Strike
0-2: Strikes out looking
Batting: RHB Mariano Sánchez 0-0: Ground out 2-3 (Groundball, 2R)
Batting: RHB José Morín 0-0: Called Strike
0-1: Ball
1-1: Foul Ball, location: 2F
1-2: DOUBLE (Line Drive, 7LM)
Batting: LHB Chad Graves 0-0: Fly out, F7 (Flyball, 7LM)
Top of the 6th over - 0 run(s), 1 hit(s), 0 error(s), 1 left on base; Alameda 6 - Syracuse 3
BOTTOM OF THE 6TH
Syracuse Storm batting - Pitching for Alameda Airmen : LHP Jesús Franco
Batting: SHB John Clayton 0-0: Ground out 1-3 (Groundball, 13S)
Batting: SHB Jeff Cornelis 0-0: Reached on error, E5 (Groundball, 56)
Batting: RHB Jim Unknown 0-0: Ground out 6-3 (Groundball, 6)
Batting: RHB Jorge López 0-0: Ball
1-0: Called Strike
1-1: Foul Ball, location: 2F
1-2: Ball
2-2: Foul Ball, location: 2F
2-2: Fly out, F9 (Flyball, 89M)
Bottom of the 6th over - 0 run(s), 0 hit(s), 1 error(s), 1 left on base; Alameda 6 - Syracuse 3
TOP OF THE 7TH
Alameda Airmen batting - Pitching for Syracuse Storm : LHP Arnie Banks
Batting: RHB José Vargas 0-0: Called Strike
0-1: SINGLE (Flyball, 8RS)
Batting: SHB Orlando Villa 0-0: Ball
1-0: Foul Ball, location: 2F
1-1: Called Strike
1-2: Strikes out swinging
Batting: SHB Luis Luquín 0-0: Called Strike
0-1: Called Strike
0-2: Ball
1-2: Strikes out looking
Batting: RHB Nelson Flores 0-0: Ball
1-0: SINGLE (Line Drive, 4MD)
José Vargas to second
Batting: RHB Lenny Roper 0-0: Foul Ball, location: 2F
0-1: Ball
1-1: Swinging Strike
1-2: Foul Ball, location: 2F
1-2: Ball
2-2: Foul Ball, location: 2F
2-2: Foul Ball, location: 2F
2-2: SINGLE (Groundball, 6MD)
José Vargas to third
Nelson Flores to second
Runner from 3rd tries for Home, SAFE, no throw or cutoff
Batting: RHB Dale Quick 0-0: Foul Ball, location: 2F
0-1: Ball
1-1: Foul Ball, location: 2F
1-2: Fly out, F2 (Popup, 2RF)
Top of the 7th over - 1 run(s), 3 hit(s), 0 error(s), 2 left on base; Alameda 7 - Syracuse 3
BOTTOM OF THE 7TH
Syracuse Storm batting - Pitching for Alameda Airmen : LHP Jesús Franco
Batting: RHB Jim Unknown 0-0: Foul Ball, location: 2F
0-1: Ball
1-1: Ball
2-1: Foul Ball, location: 2F
2-2: Strikes out swinging passed ball, reaches first!
Pitching: RHP Nigel Sweeny
Batting: RHB Octávio Beltzán 0-0: Called Strike
0-1: Fly out, F8 (Flyball, 8RM)
Batting: RHB Philip Schooten 0-0: Ball
1-0: Ball
2-0: Called Strike
2-1: Foul Ball, location: 2F
2-2: Strikes out looking
Batting: SHB Roberto López 0-0: Called Strike
0-1: Foul Ball, location: 2F
0-2: Ground out U3 (Groundball, 3S)
Bottom of the 7th over - 0 run(s), 0 hit(s), 0 error(s), 1 left on base; Alameda 7 - Syracuse 3
TOP OF THE 8TH
Alameda Airmen batting - Pitching for Syracuse Storm : LHP Arnie Banks
Batting: RHB Mariano Sánchez 0-0: Ball
1-0: SINGLE (Flyball, 8LS)
Batting: RHB José Morín 0-0: Foul Ball, location: 2F
0-1: Ball
1-1: Foul Ball, location: 2F
1-2: Ball
2-2: Ball
3-2: Foul Ball, location: 2F
3-2: Base on Balls
Mariano Sánchez to second
Batting: LHB Chad Graves 0-0: Called Strike
0-1: Foul Ball, location: 2F
0-2: Ball
1-2: Fly out, F8 (Flyball, 8LM)
Batting: RHB José Vargas 0-0: Called Strike
0-1: Called Strike
0-2: Foul Ball, location: 2F
0-2: Strikes out swinging
Batting: SHB Orlando Villa 0-0: Foul Ball, location: 2F
0-1: Swinging Strike
0-2: Strikes out swinging
Top of the 8th over - 0 run(s), 1 hit(s), 0 error(s), 2 left on base; Alameda 7 - Syracuse 3
BOTTOM OF THE 8TH
Syracuse Storm batting - Pitching for Alameda Airmen : RHP Nigel Sweeny
Batting: RHB Carlos De Jesús 0-0: Called Strike
0-1: Ball
1-1: Fly out, F7 (Flyball, 78XD)
Batting: SHB John Clayton 0-0: Ball
1-0: Ground out 5-3 (Groundball, 15S)
Batting: SHB Jeff Cornelis 0-0: Called Strike
0-1: Ball
1-1: Ball
2-1: Foul Ball, location: 2F
2-2: Strikes out swinging
Bottom of the 8th over - 0 run(s), 0 hit(s), 0 error(s), 0 left on base; Alameda 7 - Syracuse 3
TOP OF THE 9TH
Alameda Airmen batting - Pitching for Syracuse Storm : LHP Arnie Banks
Pitching: RHP Jim Unknown
Batting: SHB Luis Luquín 0-0: Called Strike
0-1: DOUBLE (Groundball, 3D)
Batting: RHB Nelson Flores 0-0: Intentional Walk
Pitching: RHP Jon Schultz
Batting: RHB Lenny Roper 0-0: Ball
Wild Pitch!
Luis Luquín to third
Nelson Flores to second
1-0: Intentional Walk
Batting: RHB Dale Quick 0-0: Ball
1-0: Ball
2-0: Called Strike
2-1: Swinging Strike
2-2: Foul Ball, location: 2F
2-2: Ball
3-2: Fly out, F8 (Flyball, 8LS)
Batting: RHB Mariano Sánchez 0-0: Called Strike
0-1: Ball
1-1: Swinging Strike
1-2: Strikes out swinging
Batting: RHB José Morín 0-0: Called Strike
0-1: Ball
1-1: Foul Ball, location: 2F
1-2: Foul Ball, location: 2F
1-2: Strikes out swinging
Top of the 9th over - 0 run(s), 1 hit(s), 0 error(s), 3 left on base; Alameda 7 - Syracuse 3
BOTTOM OF THE 9TH
Syracuse Storm batting - Pitching for Alameda Airmen : RHP Nigel Sweeny
Pitching: LHP Finn Wuilink
Batting: RHB Jim Unknown 0-0: Ball
1-0: Fly out, F8 (Flyball, 8LXD)
Batting: RHB Jorge López 0-0: Foul Ball, location: 2F
0-1: Ball
1-1: Foul Ball, location: 2F
1-2: Ball
2-2: Foul Ball, location: 2F
2-2: Foul Ball, location: 2F
2-2: Ball
3-2: Strikes out swinging
Batting: RHB Jim Unknown 0-0: Ball
1-0: Called Strike
1-1: Ball
2-1: Ball
3-1: Base on Balls
Batting: RHB Octávio Beltzán 0-0: Ball
1-0: Fly out, F4 (Popup, 34)
Bottom of the 9th over - 0 run(s), 0 hit(s), 0 error(s), 1 left on base; Alameda 7 - Syracuse 3
This league is powered by Out of the Park Baseball, the baseball management simulation game for PC, Mac and Linux
Friday, July 8th, 2016 - OOTP Baseball 16.9 Build 39